AoeStats
← Nawelson

Arena

510420261Analyzed
1v1 RM · 1d ago on Sep 30, 2026· 40m 16s· 2 players
Game mode
Random Map
Map size
Tiny (2 player)
Population
200
Speed
Normal
Resources
Standard
Victory
Conquest
Starting age
Dark Age
Ending age
Imperial Age
RankedLock teamsTeams togetherTeam positionsShared explorationLock speedFull tech treeHidden civsTurbo modeCheats
Victory
Defeat
🇦🇷 Dravidians · Argentina
1605
+12
🇦🇺 Wei · Australia
1510
-12
Nawelson
9:49 Feudal Age
13:51 Castle Age
12:10 Double-Bit Axe
12:07 Horse Collar
16:22 Bow Saw
19:49 Wheelbarrow
19:42 Loom
19:42 Town Watch
20:49 Gold Mining
20:51 Stone Mining
22:18 Heavy Plow
28:19 Imperial Age
26:06 Hand Cart
26:28 Fletching
26:39 Padded Archer Armor
27:37 Thumb Ring
27:31 Bodkin Arrow
27:43 Pikeman
29:18 Ballistics
29:10 Bracer
29:10 Pikeman
29:50 Squires
29:52 Scale Mail Armor
29:46 Elite Elephant Archer
33:29 Squires
32:50 Halberdier
34:51 Chemistry
35:16 Husbandry
35:36 Forging
36:49 Chain Mail Armor
36:50 Leather Archer Armor
37:15 Thumb Ring
38:22 Masonry
39:03 Iron Casting
39:29 Ring Archer Armor
39:30 Plate Mail Armor
38:49 Arson
40:08 Conscription
39:55 Medical Corps
41:28 Blast Furnace
yoshiben_819
8:29 Feudal Age
8:56 Double-Bit Axe
8:52 Horse Collar
10:44 Gold Mining
12:45 Wheelbarrow
17:32 Castle Age
21:40 Imperial Age
19:53 Bow Saw
20:52 Heavy Plow
21:29 Scale Barding Armor
21:48 Bloodlines
21:26 Loom
24:47 Husbandry
27:03 Forging
29:04 Chain Barding Armor
30:18 Iron Casting
29:47 Heavy Hei Guang Cavalry
30:39 Devotion
34:32 Gold Shaft Mining
33:49 Stone Mining
33:55 Fletching
34:32 Ballistics
34:29 Thumb Ring
34:50 Bodkin Arrow
36:06 Chemistry
35:53 Bracer
36:29 Padded Archer Armor
37:37 Leather Archer Armor
38:48 Ring Archer Armor
39:35 Conscription
Connection lost

Rejoining the realm…

Still unreachable

The connection could not be restored.

Session expired

The server has moved on; the page needs a fresh start.